 Seeded DCSS version 0.26-a0-1213-gd52f518 (webtiles) character file.

Game seed: 124349362564879514 (custom seed)

1463 Illumine the Magician (level 8, -4/67 (68) HPs)
             Began as a Palentonga Venom Mage on Dec 27, 2020.
             Slain by a white imp (5 damage)
             ... on level 6 of the Dungeon on Dec 30, 2020.
             The game lasted 00:19:36 (8811 turns).

Illumine the Magician (Palentonga Venom Mage)       Turns: 8811, Time: 00:19:37

HP:   -4/67 (68)    AC: 12    Str: 12    XL:     8   Next: 48%
MP:   14/14         EV:  9    Int: 18    God:
Gold: 395           SH:  0    Dex: 10    Spells: 5/15 levels left

rFire    . . .     SeeInvis +   v - +1 hand axe (elec)
rCold    . . .     Faith    .   (no shield)
rNeg     + . .     Spirit   .   h - +1 leather armour {rN+}
rPois    .         Reflect  .   (no helmet)
rElec    .         Harm     .   (no cloak)
rCorr    .         Rampage  .   (no gloves)
Will     .....                  (no barding)
Stlth    +.........             (no amulet)
HPRegen  0.21/turn              (no ring)
MPRegen  0.14/turn              (no ring)

@: lightly drained, curled up
A: large, rugged brown scales 3, see invisible, deformed body, roll 1, armoured
tail, reflexive curl
a: Rolling Charge


You were on level 6 of the Dungeon.
You visited 1 branch of the dungeon, and saw 6 of its levels.
You also visited: Sewer.

You collected 395 gold pieces.

Inventory:

Hand Weapons
 c - a +0 club
 m - a +1 vorpal flail
 t - a +1 mace of holy wrath
 u - a +0 hunting sling
 v - a +1 hand axe of electrocution (weapon)
Missiles
 b - 176 stones
 j - 46 poisoned darts
Armour
 a - a +1 ring mail of fire resistance
 h - a +1 leather armour of positive energy (worn)
 p - a +0 tower shield
Wands
 k - a wand of flame (17)
 n - a wand of enslavement (11)
Scrolls
 d - 6 scrolls of identify
 f - 6 scrolls of teleportation
 i - a scroll of blinking {unknown}
 l - a scroll of immolation
 y - 3 scrolls of amnesia {unknown}
Potions
 e - a potion of invisibility {unknown}
 g - 4 potions of curing {unknown}
 o - 2 potions of attraction
 q - 3 potions of lignification {unknown}
 r - a potion of ambrosia {unknown}
 s - 2 potions of magic {unknown}
 w - 2 potions of flight {unknown}
 x - a potion of brilliance {unknown}
 z - a potion of heal wounds {unknown}


   Skills:
 + Level 3.6 Fighting
 * Level 3.3(3.7) Axes
 - Level 2.4(3.3) Maces & Flails
 + Level 2.2 Armour
 - Level 1.5 Dodging
 - Level 1.2 Stealth
 + Level 1.0 Shields
 - Level 4.4 Spellcasting
 - Level 1.8 Conjurations
 - Level 2.0 Transmutations
 - Level 3.1 Air Magic
 - Level 4.2 Poison Magic


You had 5 spell levels left.
You knew the following spells:

 Your Spells              Type           Power        Failure   Level
a - Sting                 Tmut/Pois      60%          4%          1
b - Poisonous Vapours     Pois/Air       34%          6%          2
c - Mephitic Cloud        Conj/Pois/Air  15%          16%         3
d - Olgreb's Toxic Radia  Pois           19%          30%         4

Your spell library contained the following spells:

 Spells                   Type           Power        Failure   Level
 Ignite Poison            Fire/Tmut/Pois 11%          22%         3


Dungeon Overview and Level Annotations

Branches:
Dungeon (6/15)              Sewer (visited)
 Temple: D:4-7

Altars:


Innate Abilities, Weirdness & Mutations

You are completely covered in rugged brown scales. (AC +3, +7% HP)
You have supernaturally acute eyesight. (SInv)
Armour fits poorly on your strangely shaped body.
You can roll at nearby foes to attack.
You have a long armoured tail.
You curl defensively after being hit.


Message History

You closely miss the white imp.
The white imp is moderately wounded.
The white imp shouts, "Fly, thou odious full-gorged hugger-mugger!"
The white imp hits you but does no damage.
You hit the white imp but do no damage.
The white imp is lightly wounded.
The white imp gestures at you. The puff of frost hits you!
* * * LOW HITPOINT WARNING * * *
You barely miss the white imp.
The white imp is lightly wounded.
The white imp gestures at you. The puff of frost hits you!
* * * LOW HITPOINT WARNING * * *
You barely miss the white imp. You tail-slap the white imp!
The white imp is almost dead.
The white imp hits you.
* * * LOW HITPOINT WARNING * * *
The white imp freezes you.
You die...

###################........#
#...#........#....#........#
#...#........#....#........#
#...#....(...#....'........#
'...#........'....#........#
##### ###.##.####+#........#
..#######.##.###......######
zz#..#.....'...5).....#
..z..#.....#...#@.....#
..##'###..##..##......######
####.###..##+#######+#.....#
.5...5'.......#.....#.....###
.z...z#.......#.............#
......#.......#.............#
.......#.......#.......≈≈≈...#
#'################....≈≈≈≈≈..#
.....# ###....≈≈.≈≈..#


You could see a white imp.

Vanquished Creatures
  A sky beast (D:5)
  3 ogres
  A bullfrog (Sewer)
  A scorpion (D:4)
  2 howler monkeys (D:5)
  4 wights (D:6)
  6 orc wizards (D:3)
  3 orc priests
  2 iguanas
  2 worker ants
  7 adders
  3 gnolls (D:2)
  A shadow imp (D:3)
  A white imp (D:6)
  2 ufetubi (D:5)
  14 oozes
  An adder skeleton (D:5)
  7 worms
  3 dart slugs (D:1)
  15 leopard geckos
  31 orcs
  9 ball pythons
  10 bats
  11 giant cockroaches
  7 goblins
  5 hobgoblins
  11 jackals
  3 quokkas
  14 frilled lizards
  A giant cockroach zombie (D:5)
  6 kobolds
  A leopard gecko skeleton (D:4)
  A quokka zombie (D:5)
  5 rats
194 creatures vanquished.

Vanquished Creatures (others)
  A fungus (D:5)
1 creature vanquished.

Grand Total: 195 creatures vanquished

Notes
Turn   | Place    | Note
-------+----------+-------------------------------------------
     0 | D:1      | Illumine the Palentonga Venom Mage began the quest for the
                  | Orb.
     0 | D:1      | Reached XP level 1. HP: 14/14 MP: 3/3
   101 | D:1      | Reached XP level 2. HP: 21/21 MP: 3/5
   177 | D:1      | Learned a level 2 spell: Poisonous Vapours
   510 | D:1      | Reached XP level 3. HP: 15/27 MP: 4/6
   934 | D:2      | HP: 1/27 [worm (1)]
  1608 | D:2      | Reached skill level 1 in Air Magic
  1712 | D:2      | Reached XP level 4. HP: 35/35 MP: 6/8
  1721 | D:2      | Upgraded the game from 0.26-a0-1186-g055914a to
                  | 0.26-a0-1213-gd52f518
  3029 | D:3      | Reached XP level 5. HP: 34/41 MP: 9/9
  3264 | D:3      | Reached skill level 1 in Fighting
  3274 | D:3      | Reached skill level 1 in Maces & Flails
  3398 | D:3      | Reached skill level 1 in Armour
  3398 | D:3      | Reached XP level 6. HP: 37/50 MP: 3/10
  5178 | D:4      | Gained mutation: You curl defensively after being hit.
                  | [Palentonga growth]
  5178 | D:4      | Reached XP level 7. HP: 28/58 MP: 7/12
  5406 | D:4      | Reached skill level 1 in Axes
  5457 | D:4      | Learned a level 3 spell: Mephitic Cloud
  6538 | D:5      | Entered Level 5 of the Dungeon
  6545 | D:5      | Reached skill level 1 in Conjurations
  6979 | D:5      | Learned a level 4 spell: Olgreb's Toxic Radiance
  7173 | D:5      | Reached XP level 8. HP: 58/66 MP: 10/14
  7839 | D:6      | Found a glowing drain.
  7863 | Sewer    | Entered a sewer
  8805 | D:6      | Reached skill level 1 in Shields
  8810 | D:6      | HP: 3/67 [white imp/puff of frost (7)]
  8811 | D:6      | HP: 1/67 [white imp (2)]
  8811 | D:6      | Slain by a white imp

Illustrated notes

Levels and vault maps discovered:
D:1:      mrwooster_arrival_statue_2, layout_loops_ring
D:2:      layout_basic
D:3:      layout_loops_ring
D:4:      layout_loops_ring
D:5:      layout_cave_pools, hangedman_decor_slide_cut, minmay_misc_feat_plants,
          grunt_decor_resistance, chequers_serial_rivers_small_3
D:6:      layout_gridville, portal_sewer_entry_a

Skill      XL: |  1  2  3  4  5  6  7  8 |
---------------+-------------------------+-----
Transmutations | 2 |  2.0
Air Magic      | 1 2 3 |  3.1
Poison Magic   | 3 4 |  4.2
Spellcasting   | 3 4 |  4.4
Fighting       | 1 2 3 |  3.6
Maces & Flails | 1 2 |  2.4
Armour         | 1 2 |  2.2
Axes           | 2 3 |  3.3
Conjurations   | 1 |  1.8
Shields        | 1 |  1.0
Dodging        | |  1.5
Stealth        | |  1.2

Action                   |  1- 3 |  4- 6 |  7- 9 || total
-------------------------+-------+-------+-------++-------
Melee: Unarmed           |     3 |       |       ||     3
       Club              |    53 |    11 |       ||    64
       Tailslap          |     6 |    10 |    22 ||    38
       Flail             |       |   124 |       ||   124
       Hand axe          |       |     2 |   214 ||   216
 Cast: Sting             |    46 |    17 |     1 ||    64
       Poisonous Vapours |       |    51 |    33 ||    84
 Abil: Rolling Charge    |     2 |     3 |     2 ||     7
  Use: Scroll            |       |       |     7 ||     7
       Potion            |       |       |     1 ||     1
 Stab: Sleeping          |     1 |     1 |     1 ||     3
Armor: Robe              |    26 |    50 |     4 ||    80
       Leather armour    |       |       |   105 ||   105
Dodge: Dodged            |    37 |    71 |   135 ||   243

Table legend: (Time is in decaauts)
 A = Elapsed time spent in this place.
 B = Non-inter-level travel time spent in this place.
 C = Inter-level travel time spent in this place.
 D = Time resting spent in this place.
 E = Time spent auto-exploring this place.
 F = Levels seen in this place.
 G = Mean time per level.
                   A        B        C        D        E       F      G
               +--------+--------+--------+--------+--------+-----+--------+
         Total |   8980 |   8753 |    227 |   3222 |   3939 |   7 | 1282.9 |
       Dungeon |   8017 |   7790 |    227 |   2800 |   3693 |   6 | 1336.2 |
         Sewer |    963 |    963 |      0 |    422 |    246 |   1 |  963.0 |
               +--------+--------+--------+--------+--------+-----+--------+

Top non-repeatable levels by time:
     D:2: 2171 daAuts
     D:3: 2135 daAuts
     D:4: 1448 daAuts
     D:5: 1139 daAuts
   Sewer: 963 daAuts
     D:1: 849 daAuts
     D:6: 273 daAuts
